 Dungeon Crawl Stone Soup version 0.21.0-24-g2553a33 (webtiles) character file.

18053 Jatast the Impaler (level 12, -4/98 HPs)
             Began as a Merfolk Gladiator on Jan 21, 2018.
             Was a High Priest of Okawaru.
             Impaled on a porcupine's spines (7 damage)
             ... on level 3 of the Lair of Beasts.
             The game lasted 00:41:52 (18227 turns).

Jatast the Impaler (Merfolk Gladiator)             Turns: 18227, Time: 00:41:52

Health: -4/98      AC:  9    Str: 18    XL:     12   Next: 54%
Magic:  17/17      EV: 20    Int:  8    God:    Okawaru [*****.]
Gold:   573        SH:  0    Dex: 16    Spells: 11/11 levels left

rFire    . . .     SeeInvis .   I - +3 halberd
rCold    . . .     Gourm    .   (shield currently unavailable)
rNeg     . . .     Faith    .   w - +0 scale mail
rPois    .         Spirit   .   c - +1 helmet
rElec    .         Reflect  .   n - scarf {repulsion}
rCorr    .         Harm     .   (no gloves)
MR       .....                  (no boots)
Stlth    ..........             (no amulet)
HPRegen  0.26/turn              H - +4 ring of slaying
MPRegen  0.15/turn              j - +3 ring of evasion

@: repel missiles
A: change form in water, swift swim, stealthy swim
a: Heroism, Finesse, Renounce Religion


You were on level 3 of the Lair of Beasts.
You worshipped Okawaru.
Okawaru was extremely pleased with you.
You were not hungry.

You visited 2 branches of the dungeon, and saw 14 of its levels.
You also visited: Sewer.

You collected 748 gold pieces.
You spent 175 gold pieces at shops.

Inventory:

Hand Weapons
 a - a +1 trident
 B - a +0 glaive
 I - a +3 halberd (weapon)
Missiles
 d - a throwing net (quivered)
 K - 3 poisoned javelins
 L - 3 javelins of penetration
Armour
 c - a +1 helmet (worn)
 n - a scarf of repulsion (worn)
 w - a +0 scale mail (worn)
Jewellery
 e - an uncursed ring of protection from fire
 j - a +3 ring of evasion (right hand)
 H - a +4 ring of slaying (left hand)
Wands
 g - a wand of paralysis (16)
 t - a wand of random effects (13)
 E - a wand of disintegration (5)
 J - a wand of polymorph (19)
 M - a wand of iceblast (17)
 O - a wand of digging (13)
Scrolls
 b - a scroll of blinking
 i - 7 scrolls of remove curse
 p - 2 scrolls of identify
 q - 5 scrolls of teleportation
 r - 6 scrolls of amnesia
 s - 2 scrolls of enchant armour
 y - 2 scrolls of immolation
 D - a scroll of fear
Potions
 h - 2 potions of lignification
 k - 4 potions of heal wounds
 l - 3 potions of agility
 m - 2 potions of flight
 o - a potion of resistance
 x - 2 potions of brilliance
 z - 3 potions of curing
 A - 2 potions of might
 C - 3 potions of mutation
 F - 2 potions of berserk rage
 N - a potion of invisibility {unknown}
Books
 u - a book of Callings

   Spells                             Type                      Level
   a - Summon Small Mammal            Summoning                    1
   b - Call Imp                       Summoning                    2
   c - Call Canine Familiar           Summoning                    3
   d - Summon Guardian Golem          Hexes/Summoning              3
   e - Summon Lightning Spire         Summoning/Air                4
   f - Summon Ice Beast               Ice/Summoning                4
 v - a book of Misfortune

   Spells                             Type                      Level
   a - Confusing Touch                Hexes                        1
   b - Confuse                        Hexes                        3
   c - Gell's Gravitas                Translocation                3
   d - Petrify                        Transmutation/Earth          4
   e - Metabolic Englaciation         Hexes/Ice                    5
   f - Yara's Violent Unravelling     Hexes/Transmutation          5
 G - a book of Minor Magic

   Spells                             Type                      Level
   a - Magic Dart                     Conjuration                  1
   b - Blink                          Translocation                2
   c - Call Imp                       Summoning                    2
   d - Slow                           Hexes                        2
   e - Conjure Flame                  Conjuration/Fire             3
   f - Mephitic Cloud                 Conjuration/Poison/Air       3
Comestibles
 f - 25 rations
 P - 5 chunks of flesh


   Skills:
 + Level 10.4 Fighting
 + Level 17.2 Polearms
 - Level 2.0 Throwing
 + Level 6.0 Armour
 + Level 11.0 Dodging
 + Level 6.8 Invocations


You had 11 spell levels left.
You didn't know any spells.

Dungeon Overview and Level Annotations

Branches:
Dungeon (11/15)            Temple (0/1) D:5            Lair (3/6) D:10
  Swamp (0/4) Lair:3          Orc (0/2) D:9
  Snake: Lair:2-4    Spider: Lair:2-4

Altars:
Dithmenos
Hepliaklqana
Nemelex Xobeh
Okawaru
Sif Muna
Trog
Uskayaw
Xom
Beogh

Shops:
D:7 [[=?

Annotations:
D:11 axillian's ghost, journeyman MiBe


Message History

The komodo dragon bites you!!
* * * LOW HITPOINT WARNING * * *
You puncture the komodo dragon!
You kill the komodo dragon!
Okawaru accepts your kill.
P - 6 chunks of flesh You start resting.
Eating one of 6 chunks of flesh.
You eat one of the 6 chunks of flesh.
This raw flesh tastes terrible.
You barely miss the porcupine. You hit the porcupine.
The porcupine is moderately wounded.
The porcupine bites you!
* * * LOW HITPOINT WARNING * * *
You are struck by the porcupine's spines.
* * * LOW HITPOINT WARNING * * *
You barely miss the porcupine.
The porcupine is moderately wounded.
The porcupine misses you.
You are struck by the porcupine's spines.
You die...

...#
..............PP...
...##
..................
..[.#
................#
...## ..
............#
.....#
...+#.........P#
...###
#.8.#........#
......
###....#.....#
....F.
#......r#.†.P#
......
........@#####
....## ..........#
....# .##...##....
#...# #.8. ##...#
... #.... #..# #...
... #..> 8.># ...#


You could see a porcupine.

Vanquished Creatures
  A hydra (Lair:1)
  4 two-headed ogres
  The ghost of axillian the Covered, a novice DsMo of Nemelex Xobeh (D:9)
  2 unseen horrors
  An ugly thing (D:10)
  Maurice (D:8)
  Joseph (D:9)
  A spiny frog (Lair:2)
  3 komodo dragons
  2 hornets
  2 hippogriffs
  10 yaks
  The ghost of axillian the Protected, an amateur GnWn (D:3)
  2 basilisks (D:10)
  2 hungry ghosts
  3 insubstantial wisps (Lair:3)
  5 water moccasins
  5 porcupines
  3 orc warriors
  4 black bears
  4 ice beasts
  3 sky beasts
  A hornet zombie (D:10)
  8 ogres
  2 necrophages
  2 phantoms
  3 wolves
  4 centaurs
  3 big kobolds
  4 crocodiles
  10 bullfrogs
  A gnoll sergeant (D:10)
  2 scorpions
  24 wights
  An electric eel (D:10)
  A howler monkey (D:7)
  4 crimson imps
  A bullfrog zombie (D:5)
  A quasit (D:8)
  12 orc priests
  2 hounds
  A centaur skeleton (D:7)
  6 orc wizards
  6 worker ants
  2 worker ant zombies
  13 adders
  10 gnolls
  14 river rats
  A shadow imp (D:8)
  3 oozes
  An adder zombie (D:8)
  2 adder skeletons
  A worm (D:2)
  2 dart slugs (D:2)
  8 leopard geckos
  34 orcs
  13 bats
  5 giant cockroaches
  11 goblins
  10 hobgoblins
  7 jackals
  8 quokkas
  9 ball pythons
  7 frilled lizards
  A giant cockroach zombie (D:6)
  A jackal skeleton (D:5)
  26 kobolds
  A quokka zombie (D:9)
  41 rats
391 creatures vanquished.

Vanquished Creatures (others)
  A porcupine (Lair:3)
  7 fungi
  7 plants
15 creatures vanquished.

Grand Total: 406 creatures vanquished

Notes
Turn   | Place    | Note
-------+----------+-------------------------------------------
     0 | D:1      | Jatast the Merfolk Gladiator began the quest for the Orb.
     0 | D:1      | Reached XP level 1. HP: 16/16 MP: 1/1
    75 | D:1      | Reached XP level 2. HP: 21/23 MP: 2/2
   544 | D:1      | Reached skill level 5 in Polearms
   544 | D:1      | Reached XP level 3. HP: 28/28 MP: 3/3
  1512 | D:2      | Found an iron altar of Okawaru.
  1517 | D:2      | Reached XP level 4. HP: 35/35 MP: 4/4
  1522 | D:2      | Became a worshipper of Warmaster Okawaru
  1612 | D:2      | Reached skill level 5 in Dodging
  2277 | D:3      | Noticed axillian's ghost (amateur GnWn)
  2497 | D:2      | Reached XP level 5. HP: 23/41 MP: 5/5
  2705 | D:3      | Reached skill level 6 in Polearms
  3798 | D:3      | Reached skill level 1 in Invocations
  3818 | D:3      | Reached XP level 6. HP: 13/48 MP: 6/6
  4889 | D:3      | Killed axillian's ghost
  5117 | D:3      | Found a shadowy altar of Dithmenos.
  5457 | D:4      | Reached * piety under Okawaru
  5457 | D:4      | Reached skill level 7 in Polearms
  5457 | D:4      | Reached XP level 7. HP: 47/55 MP: 8/8
  6095 | D:4      | Reached skill level 5 in Fighting
  6276 | D:4      | Noticed a hungry ghost
  6296 | D:4      | Killed a hungry ghost
  6419 | D:5      | Entered Level 5 of the Dungeon
  6424 | D:5      | Reached XP level 8. HP: 63/63 MP: 10/10
  6440 | D:5      | Found a hide-covered altar of Uskayaw.
  6441 | D:5      | Noticed a dagger
  6443 | D:5      | Noticed a dagger
  6491 | D:5      | Reached skill level 8 in Polearms
  6748 | D:5      | Reached ** piety under Okawaru
  7014 | D:5      | Found a staircase to the Ecumenical Temple.
  7074 | D:5      | Reached skill level 1 in Armour
  7170 | D:5      | Found a sparkling altar of Nemelex Xobeh.
  7714 | D:6      | Noticed a troll
  8085 | D:6      | Found a glowing drain.
  8089 | Sewer    | Entered a sewer
  9072 | D:6      | Reached skill level 9 in Polearms
  9365 | D:6      | Reached XP level 9. HP: 70/70 MP: 12/12
  9459 | D:7      | Found a hazy altar of Hepliaklqana.
  9475 | D:7      | Reached skill level 5 in Invocations
  9643 | D:7      | Found Fegut's Armour Boutique.
  9777 | D:7      | Found Dothiffe's Magic Scroll Boutique.
  9785 | D:7      | Bought a scroll of blinking for 105 gold pieces
  9785 | D:7      | Bought a scroll of teleportation for 42 gold pieces
  9785 | D:7      | Bought a scroll of identify for 28 gold pieces
  9792 | D:7      | Found Diehi's Jewellery Shoppe.
 10098 | D:7      | Found Vyleg's Antique Armour Shoppe.
 10607 | D:8      | Noticed Maurice
 10608 | D:8      | Noticed a two-headed ogre
 10625 | D:8      | Killed a two-headed ogre
 10625 | D:8      | Reached *** piety under Okawaru
 10625 | D:8      | Reached skill level 10 in Polearms
 10626 | D:8      | Paralysed by something for 7 turns
 10664 | D:8      | Killed Maurice
 10664 | D:8      | Reached XP level 10. HP: 29/80 MP: 12/14
 10852 | D:8      | Found a sparkling altar of Nemelex Xobeh.
 10852 | D:8      | Found a bloodstained altar of Trog.
 10891 | D:8      | Reached skill level 10 in Dodging
 11021 | D:8      | Found a deep blue altar of Sif Muna.
 11078 | D:8      | Killed an unseen horror
 11078 | D:8      | Reached **** piety under Okawaru
 11078 | D:8      | Reached skill level 11 in Polearms
 11275 | D:8      | Paralysed by a hornet for 2 turns
 12412 | D:8      | Found a shimmering altar of Xom.
 12521 | D:9      | Noticed axillian's ghost (novice DsMo)
 12612 | D:9      | Reached skill level 12 in Polearms
 12686 | D:9      | Found a staircase to the Orcish Mines.
 12717 | D:9      | Received a gift from Okawaru
 12717 | D:9      | Reached skill level 13 in Polearms
 12887 | D:9      | Reached XP level 11. HP: 86/87 MP: 15/15
 13003 | D:9      | Reached skill level 14 in Polearms
 13047 | D:9      | Reached ***** piety under Okawaru
 13228 | D:9      | Killed axillian's ghost
 13228 | D:9      | Received a gift from Okawaru
 13268 | D:9      | Noticed a two-headed ogre
 13296 | D:9      | Killed a two-headed ogre
 13296 | D:9      | Reached skill level 15 in Polearms
 13495 | D:9      | Found a roughly hewn altar of Beogh.
 13561 | D:9      | Noticed Joseph
 13572 | D:9      | Killed Joseph
 13782 | D:10     | Entered Level 10 of the Dungeon
 13983 | D:10     | Noticed a two-headed ogre
 13991 | D:10     | Killed a two-headed ogre
 13991 | D:10     | Reached skill level 16 in Polearms
 14267 | D:10     | Found a staircase to the Lair.
 14268 | D:10     | Received a gift from Okawaru
 14711 | D:10     | Reached skill level 5 in Armour
 15566 | D:10     | Killed an unseen horror
 15734 | D:10     | Noticed a two-headed ogre
 15755 | D:10     | Killed a two-headed ogre
 15755 | D:10     | Reached XP level 12. HP: 82/97 MP: 16/16
 16212 | D:11     | Noticed axillian's ghost (journeyman MiBe)
 16300 | Lair:1   | Entered Level 1 of the Lair of Beasts
 16311 | Lair:1   | Noticed an eight-headed hydra
 16447 | Lair:1   | Killed an eight-headed hydra
 16447 | Lair:1   | Reached skill level 10 in Fighting
 16911 | Lair:1   | Reached skill level 17 in Polearms
 17806 | Lair:2   | You fall through a shaft!
 17991 | Lair:3   | Found a staircase to the Swamp.
 18226 | Lair:3   | HP: 3/98 [porcupine's spines (15)]
 18227 | Lair:3   | Impaled on a porcupine's spines

Skill      XL: |  1  2  3  4  5  6  7  8  9 10 11 12 |
---------------+-------------------------------------+-----
Polearms       | 5 6 7 9 10 13 16 17 | 17.2
Fighting       | 3 4 5 6 7 8 9 10 | 10.4
Dodging        | 5 6 7 8 9 10 11 | 11.0
Invocations    | 1 2 3 4 6 |  6.8
Armour         | 1 3 4 5 6 |  6.0
Throwing       | |  2.0

Action                   |  1- 3 |  4- 6 |  7- 9 | 10-12 || total
-------------------------+-------+-------+-------+-------++-------
Melee: Trident           |   105 |   358 |   573 |   349 ||  1385
       Tailslap          |       |       |     3 |       ||     3
       Punch             |       |       |     4 |     5 ||     9
       Halberd           |       |       |       |   368 ||   368
 Fire: Hunting sling     |       |    25 |       |       ||    25
Throw: Throwing net      |       |     4 |     2 |       ||     6
       Javelin           |       |       |       |     5 ||     5
Invok: Heroism           |       |       |     9 |    12 ||    21
Evoke: Wand              |       |       |    13 |       ||    13
  Use: Scroll            |       |     4 |    14 |     5 ||    23
       Potion            |       |     1 |     1 |     4 ||     6
 Stab: Sleeping          |     4 |       |     1 |       ||     5
       Held in net/web   |       |     1 |       |       ||     1
  Eat: Chunk             |     2 |     6 |    14 |    19 ||    41
       Ration            |       |     2 |     1 |     2 ||     5
Armor: Leather armour    |    11 |       |       |       ||    11
       Ring mail         |     3 |    61 |    56 |    24 ||   144
       Scale mail        |       |       |       |    85 ||    85
Dodge: Dodged            |    52 |   207 |   326 |   412 ||   997
       Deflected         |       |       |       |     3 ||     3
